 Dungeon Crawl Stone Soup version 0.30-a0-4-ga7cffc901d (webtiles) character file.

Game seed: 11057097621273821333

88 Setbun the Sneak (level 4, -4/25 HPs)
             Began as a Kobold Enchanter on Aug 20, 2022.
             Slain by an iguana (10 damage)
             ... on level 3 of the Dungeon.
             The game lasted 00:02:39 (2155 turns).

Setbun the Sneak (Kobold Enchanter)                 Turns: 2155, Time: 00:02:40

Health: -4/25      AC:  2    Str:  5    XL:     4   Next: 82%
Magic:  4/8        EV: 15    Int: 16    God:
Gold:   138        SH:  0    Dex: 17    Spells: 3/8 levels left

rFire   . . .      SeeInvis .    a - +1 dagger
rCold   . . .      Faith    .    (no shield)
rNeg    . . .      Spirit   .    b - +0 robe
rPois   .          Reflect  .    (no helmet)
rElec   .          Harm     .    (no cloak)
rCorr   .          Rampage  .    (no gloves)
Will    .....                    (no boots)
Stlth   ++++......               (no amulet)
HPRegen 0.08/turn                (no ring)
MPRegen 0.11/turn                (no ring)

@: very slightly contaminated
A: small, no large weapons, nightstalker 3
a: no special abilities


You were on level 3 of the Dungeon.
You visited 1 branch of the dungeon, and saw 3 of its levels.

You collected 138 gold pieces.

Inventory:

Hand Weapons
 a - a +1 dagger (weapon)
Armour
 b - a +0 robe (worn)
Jewellery
 l - a +4 ring of slaying
Scrolls
 f - 2 scrolls of fear {unknown}
 g - a scroll of identify {unknown}
 h - a scroll of blinking {unknown}
 j - 2 scrolls of magic mapping {unknown}
 n - a scroll of noise {unknown}
Potions
 c - 2 potions of invisibility
 i - 2 potions of haste
 k - a potion of berserk rage {unknown}
 m - a potion of cancellation {unknown}


   Skills:
 + Level 1.3 Fighting
 * Level 3.3 Short Blades
 + Level 3.0 Dodging
 + Level 4.4 Stealth
 + Level 2.7 Spellcasting
 + Level 3.3 Hexes


You had 3 spell levels left.
You knew the following spells:

 Your Spells              Type           Power      Damage    Failure   Level
a - Ensorcelled Hibernat  Hex/Ice        14%        N/A       14%         2
b - Confusing Touch       Hex            12%        N/A       14%         3

Your spell library contained the following spells:

 Spells                   Type           Power      Damage    Failure   Level
 Tukima's Dance           Hex            12%        N/A       14%         3
 Summon Small Mammal      Summ           8%         N/A       19%         1
 Dazzling Flash           Conj/Hex       14%        N/A       28%         3
 Summon Guardian Golem    Hex/Summ       7%         N/A       28%         3
 Call Canine Familiar     Summ           2%         N/A       50%         3
 Conjure Flame            Conj/Fire      2%         6-21      50%         3
 Ignite Poison            Fire/Tmut/Pois 2%         N/A       50%         3
 Sticky Flame             Conj/Fire      2%         2d3       88%         4


Dungeon Overview and Level Annotations

Branches:
Dungeon (3/15)

Altars:


Innate Abilities, Weirdness & Mutations

You are small and have problems with some larger weapons.
You are completely attuned to the shadows.


Message History

The iguana barely misses you.
You hit the iguana.
The iguana is moderately wounded.
The hobgoblin hits you. The iguana misses you.
You closely miss the iguana.
The iguana is moderately wounded.
The hobgoblin misses you. The iguana barely misses you.
You closely miss the iguana.
The iguana is moderately wounded.
The hobgoblin completely misses you. The iguana misses you.
You hit the iguana but do no damage.
The iguana is lightly wounded.
You closely miss the iguana.
The iguana is lightly wounded.
The iguana bites you but does no damage.
The hobgoblin misses you.
You hit the iguana but do no damage.
The iguana is lightly wounded.
The iguana bites you! The hobgoblin misses you.
You are too injured to fight recklessly!
You are too injured to fight recklessly!
You are too injured to fight recklessly!
Casting: Ensorcelled Hibernation (safe; 14% risk of failure)
Confirm with . or Enter, or press ? or * to list all spells.
Aiming: Ensorcelled Hibernation (safe; 14% risk of failure)
Press: ? - help, Shift-Dir - straight line, f - iguana
Aim: an iguana (lightly wounded, chance to affect: 50%)
The iguana resists with some effort.
The iguana bites you.
* * * LOW HITPOINT WARNING * * *
The hobgoblin barely misses you.
Casting: Ensorcelled Hibernation (safe; 14% risk of failure)
Confirm with . or Enter, or press ? or * to list all spells.
Aiming: Ensorcelled Hibernation (safe; 14% risk of failure)
Press: ? - help, Shift-Dir - straight line, f/p - iguana
Aim: an iguana (lightly wounded, chance to affect: 50%)
You miscast Ensorcelled Hibernation.
You are very lightly contaminated with residual magic.
Nothing appears to happen.
The hobgoblin barely misses you. The iguana bites you!
You die...

#.#.....
#.##########
#..........#
##########.#
#.# ####
##.###.
#$..###......
...)g.......#
...#@#.#.#..#
.#.l........#
#.#.#.#.#.##
...........#
#..#.#.#.#.
.........


You could see an iguana and a hobgoblin.

Vanquished Creatures
  An adder (D:3)
  4 gnolls
  A worm (D:2)
  An orc (D:3)
  3 endoplasms
  4 giant cockroaches
  2 goblins (D:1)
  A hobgoblin (D:3)
  2 kobolds (D:1)
  A quokka (D:2)
  7 ball pythons
  6 bats
  A frilled lizard (D:2)
  2 rats
36 creatures vanquished.

Notes
Turn   | Place    | Note
-------+----------+-------------------------------------------
     0 | D:1      | Setbun the Kobold Enchanter began the quest for the Orb.
     0 | D:1      | Reached XP level 1. HP: 10/10 MP: 3/3
   189 | D:1      | Reached XP level 2. HP: 15/15 MP: 5/5
   888 | D:2      | Reached XP level 3. HP: 20/20 MP: 6/6
  1196 | D:1      | Reached skill level 1 in Fighting
  1448 | D:2      | Learned a level 2 spell: Ensorcelled Hibernation
  1452 | D:2      | Learned a level 3 spell: Confusing Touch
  1567 | D:2      | Reached XP level 4. HP: 25/25 MP: 7/7
  2155 | D:3      | Slain by an iguana

Illustrated notes

Levels and vault maps discovered:
D:1:      amcnicky_arrival_double_pillar, layout_loops_ring
D:2:      layout_basic, minmay_misc_feat_four_crosses
D:3:      layout_basic, mainiacjoe_overflow_cross_hatched,
          serial_co_window_serial, co_window_corner_a, co_window_paths_b,
          co_window_paths_a, co_window_paths_a, co_window_corner_a,
          co_window_corner_ca, co_window_corner_cb, co_window_corner_b,
          co_window_paths_e, glass_columns_c, glass_columns_c, glass_columns_a,
          saegor_snake_ambush

Skill      XL: |  1  2  3  4 |
---------------+-------------+-----
Short Blades   | 2 3 |  3.3
Fighting       | 1 |  1.3
Dodging        | 3 |  3.0
Stealth        | |  4.4
Spellcasting   | |  2.7
Hexes          | |  3.3

Action                   |  1- 3 |  4- 6 || total
-------------------------+-------+-------++-------
Melee: Dagger            |    46 |    66 ||   112
 Cast: Ensorcelled Hiber |       |     6 ||     6
  Use: Potion            |       |     3 ||     3
 Stab: Sleeping          |    17 |     7 ||    24
       Distracted        |     1 |       ||     1
Armor: Robe              |     5 |     5 ||    10
Dodge: Dodged            |    22 |    61 ||    83

Table legend: (Time is in decaauts)
 A = Elapsed time spent in this place.
 B = Non-inter-level travel time spent in this place.
 C = Inter-level travel time spent in this place.
 D = Time resting spent in this place.
 E = Time spent auto-exploring this place.
 F = Levels seen in this place.
 G = Mean time per level.
                   A        B        C        D        E       F      G
               +--------+--------+--------+--------+--------+-----+--------+
         Total |   2135 |   2102 |     33 |    318 |   1473 |   3 |  711.7 |
       Dungeon |   2135 |   2102 |     33 |    318 |   1473 |   3 |  711.7 |
               +--------+--------+--------+--------+--------+-----+--------+

Top non-repeatable levels by time:
     D:1: 968 daAuts
     D:2: 910 daAuts
     D:3: 256 daAuts
